Map: Zen LE

Players

soO

  • Race: Zerg Zerg
  • Spawn Location: 7:00

llllllllllll (Trap) - Winner!

  • Race: Protoss Protoss
  • League: Master
  • Spawn Location: 1:00

VOD

Have the link to the VOD?

Description

Time

  • Played on: Jan. 16, 2020, 8:09 a.m.
  • Length: 9:17
Show
View Real Time Build Order
Export as new Build Order

soO Zerg 

Build Orders: Hatch First, Swarm Host 

Get SALT Encoding   

  12  0:00  Drone  
  13  0:12  Overlord  
  13  0:16  Drone  
  14  0:30  Drone x2  
  16  0:47  Hatchery  
  15  0:51  Drone  
  15  0:54  Drone  
  17  0:58  Drone  
  18  1:08  Extractor  
  17  1:13  Spawning Pool  
  17  1:16  Drone  
  17  1:20  Drone  
  18  1:27  Drone  
  19  1:38  Drone  
  20  1:47  Hatchery  
  20  1:51  Drone  
  20  2:00  Queen  
  22  2:04  Drone  
  22  2:07  Drone  
  24  2:10  Drone  
  25  2:18  Queen  
  27  2:24  Metabolic Boost  
  27  2:27  Drone  
  28  2:32  Overlord  
  28  2:41  Spore Crawler, Zergling x2  
  29  2:50  Zergling x2  
  29  2:51  Zergling x2  
  31  2:52  Drone x2  
  31  2:54  Queen  
  35  3:00  Drone  
  35  3:01  Drone  
  37  3:10  Drone x3  
  37  3:12  Drone  
  40  3:18  Overlord  
  40  3:20  Queen  
  40  3:21  Extractor  
  42  3:34  Overlord  
  41  3:38  Drone x2  
  41  3:39  Drone x2  
  41  3:40  Spore Crawler, Drone  
  45  3:43  Drone x2  
  45  3:44  Drone  
  45  3:46  Drone x2  
  49  3:50  Overlord  
  49  3:53  Drone x2  
  49  3:54  Drone  
  52  3:57  Spore Crawler  
  52  3:58  Extractor, Drone x2  
  52  4:03  Queen  
  52  4:06  Overlord  
  54  4:10  Drone x2  
  54  4:14  Overlord  
  54  4:16  Drone  
  57  4:19  Overlord  
  57  4:20  Overlord  
  54  4:31  Drone x2  
  54  4:33  Drone x3  
  54  4:38  Drone x3  
  58  4:42  Lair  
  58  4:44  Drone x2  
  60  4:46  Drone  
  60  4:48  Drone  
  60  4:49  Drone  
  63  4:53  Extractor  
  63  4:54  Roach Warren  
  63  4:56  Drone  
  63  4:57  Drone  
  63  4:58  Drone  
  64  5:01  Extractor x2  
  61  5:07  Zergling x8  
  63  5:15  Drone x2  
  63  5:16  Drone x2  
  63  5:17  Drone x3  
  63  5:18  Drone x3  
  63  5:21  Zergling x2  
  74  5:24  Drone x2  
  76  5:35  Roach x3  
  82  5:40  Glial Reconstitution  
  82  5:41  Roach  
  84  5:43  Drone  
  84  5:45  Roach  
  84  5:46  Extractor  
  84  5:47  Overseer  
  84  5:49  Roach x2  
  90  5:50  Overlord  
  90  5:52  Overlord  
  90  5:53  Evolution Chamber, Overlord  
  90  5:54  Extractor  
  90  5:55  Overlord  
  90  5:57  Drone x2  
  90  5:58  Overlord  
  90  6:12  Drone x3  
  90  6:15  Infestation Pit  
  90  6:17  Spore Crawler  
  90  6:18  Drone x4  
  93  6:21  Zerg Missile Weapons Level 1  
  93  6:23  Roach x3  
  101  6:28  Drone x2  
  103  6:33  Roach x6  
  103  6:36  Overlord  
  115  6:42  Overlord  
  114  6:48  Overlord  
  114  6:50  Overlord  
  114  6:53  Swarm Host x5  
  117  6:56  Overlord  
  117  6:57  Swarm Host x2  
  135  7:03  Roach  
  135  7:04  Roach x2  
  140  7:09  Roach x3  
  146  7:18  Ravager, Roach x5  
  157  7:27  Roach x3  
  158  7:31  Roach  
  158  7:36  Roach x4  
  145  7:37  Roach x2  
  145  7:40  Roach x2  
  145  7:42  Roach, Queen  
  139  7:47  Roach  
  139  7:48  Roach  
  139  7:49  Roach  
  123  7:54  Roach x2  
  123  7:55  Roach  
  124  7:59  Roach  
  124  8:01  Roach  
  120  8:10  Roach x2  
  118  8:12  Roach  
  118  8:14  Roach  
  118  8:15  Roach x2  
  114  8:20  Roach  
  114  8:21  Roach  
  114  8:25  Roach x2  
  114  8:32  Roach  
  98  8:35  Roach  
  98  8:38  Roach  
  94  8:42  Roach  
  94  8:47  Zergling x4  
  94  8:53  Zergling x2  
  91  8:59  Zergling x4  
Show
View Real Time Build Order
Export as new Build Order

llllllllllll Protoss - Winner!

Build Orders: 1 Gate Expand, Oracle Opening, Archon Immortal, Archon Drop 

Get SALT Encoding   

  12  0:00  Probe  
  13  0:12  Probe  
  14  0:20  Pylon  
  14  0:24  Probe  
  15  0:38  Probe (Chrono Boost)  
  16  0:45  Gateway  
  16  0:47  Probe (Chrono Boost)  
  17  0:51  Assimilator  
  17  0:52  Probe (Chrono Boost)  
  18  1:04  Probe  
  19  1:17  Probe  
  20  1:27  Nexus  
  20  1:35  Cybernetics Core  
  20  1:39  Probe  
  21  1:44  Assimilator  
  21  1:51  Probe  
  21  1:54  Pylon  
  22  2:03  Probe  
  23  2:09  Adept (Chrono Boost)  
  23  2:15  Probe  
  26  2:17  Stargate  
  26  2:26  Warp Gate  
  26  2:27  Probe  
  27  2:32  Adept  
  29  2:40  Probe (Chrono Boost)  
  29  2:41  Probe (Chrono Boost)  
  31  2:50  Probe x2 (Chrono Boost)  
  33  2:55  Probe (Chrono Boost)  
  33  2:56  Probe  
  35  3:03  Oracle (Chrono Boost)  
  38  3:09  Stalker  
  38  3:11  Probe x2  
  42  3:19  Pylon  
  42  3:23  Probe x2  
  42  3:25  Assimilator x2  
  44  3:34  Oracle (Chrono Boost)  
  44  3:35  Probe x2  
  47  3:47  Probe  
  47  3:48  Probe  
  47  3:53  Robotics Facility  
  47  3:59  Pylon  
  47  4:00  Probe x2  
  49  4:04  Twilight Council  
  49  4:08  Gateway  
  49  4:12  Probe x2  
  49  4:15  Zealot  
  53  4:24  Probe x2  
  55  4:38  Gateway  
  55  4:40  Warp Prism (Chrono Boost)  
  55  4:42  Gateway  
  55  4:43  Templar Archives  
  57  4:48  Pylon, Zealot  
  59  5:02  Zealot  
  59  5:06  Pylon  
  61  5:14  Pylon, Nexus  
  61  5:17  Probe x2  
  61  5:20  Charge  
  63  5:27  High Templar  
  63  5:28  High Templar, Shield Battery  
  67  5:33  High Templar, Immortal (Chrono Boost)  
  73  5:37  High Templar, Archon  
  73  5:41  Archon  
  75  5:51  Gateway  
  75  5:54  Gateway  
  75  6:02  Immortal (Chrono Boost)  
  79  6:10  Gateway  
  79  6:11  Gateway  
  79  6:13  Sentry x3  
  79  6:16  Probe  
  86  6:20  Pylon  
  87  6:25  Probe  
  87  6:26  Pylon  
  87  6:31  Immortal (Chrono Boost)  
  91  6:42  Probe  
  94  6:50  Zealot x3  
  94  6:51  Zealot x2  
  94  6:52  Pylon  
  102  6:54  Pylon  
  102  6:58  Observer (Chrono Boost)  
  103  7:06  High Templar x2  
  103  7:07  Zealot  
  109  7:10  Archon, Pylon  
  109  7:14  Zealot x3  
  109  7:15  Pylon  
  115  7:26  Zealot x2  
  109  7:30  Zealot  
  109  7:35  Zealot x3  
  101  7:39  Zealot x2  
  93  7:47  Zealot x2  
  93  7:48  Zealot  
  97  8:03  High Templar x4  
  97  8:04  Zealot x2  
  97  8:05  Probe x3  
  104  8:07  Archon  
  104  8:08  Archon  
  104  8:11  Zealot x2  
  100  8:17  Probe  
  85  8:27  Zealot x2  
  85  8:32  Zealot x2  
  83  8:35  Immortal (Chrono Boost), Zealot x4  
  93  8:46  Forge  
  89  8:55  Zealot x4  
  91  8:57  Zealot x2  
  91  9:00  Zealot  
  93  9:03  Zealot  
Tags
 
Add a new tag
Caveats
  • Supply blocks, unpowered buildings, or Contaminate may cause inaccurate times.
  • Supply counts are checked every 10 seconds.